 Dungeon Crawl Stone Soup version 0.30-a0-964-gd452b5e7fa (webtiles) character file.

Game seed: 10397402031025837584

8883 retardedninja the Blocker (level 11, -10/80 HPs)
             Began as a Gnoll Fighter on Mar 30, 2023.
             Was a Believer of Hepliaklqana.
             Mangled by a two-headed ogre
             ... wielding a +0 giant club
              (19 damage)
             ... on level 10 of the Dungeon.
             The game lasted 00:12:23 (11498 turns).

retardedninja the Blocker (Gnoll Fighter)          Turns: 11498, Time: 00:12:23

Health: -10/80     AC: 19    Str: 20    XL:     11   Next: 37%
Magic:  20/20      EV:  8    Int:  8    God:    Hepliaklqana [**....]
Gold:   542        SH: 11    Dex: 11    Spells: 22/22 levels left

rFire   . . .      SeeInvis .    a - +0 war axe
rCold   . . .      Faith    .    c - +0 buckler
rNeg    . . .      Spirit   .    e - +0 plate armour
rPois   .          Reflect  +    h - +0 helmet
rElec   .          Rampage  .    y - +0 cloak
rCorr   .                        n - +0 pair of gloves
Will    .....                    v - +0 pair of boots Stlth
                                 k - amulet of reflection
HPRegen 0.33/turn                (no ring)
MPRegen 0.17/turn                (no ring)

@: no status effects
A: reduced essence, fangs 1, strong nose, distributed training
a: Renounce Religion, Recall Ancestor, Ancestor Identity


You were on level 10 of the Dungeon.
You worshipped Hepliaklqana.
Hepliaklqana was pleased with you.
You visited 2 branches of the dungeon, and saw 11 of its levels.

You collected 542 gold pieces.

Inventory:

Hand Weapons
 a - a +0 war axe (weapon)
Armour
 c - a +0 buckler (worn)
 e - a +0 plate armour (worn)
 h - a +0 helmet (worn)
 n - a +0 pair of gloves (worn)
 v - a +0 pair of boots (worn)
 y - a +0 cloak (worn)
Jewellery
 k - an amulet of reflection (around neck)
Wands
 s - a wand of mindburst (8)
 w - a wand of flame (14)
 x - a wand of charming (9)
 G - a wand of digging (2)
 I - a wand of iceblast (2)
Scrolls
 g - a scroll of fear {unknown}
 i - 3 scrolls of teleportation {unknown}
 m - 2 scrolls of enchant weapon {unknown}
 o - a scroll of butterflies {unknown}
 r - a scroll of silence {unknown}
 u - 3 scrolls of magic mapping {unknown}
 z - 2 scrolls of brand weapon {unknown}
 B - 2 scrolls of vulnerability {unknown}
 E - a scroll of poison {unknown}
 F - a scroll of amnesia {unknown}
 J - a scroll of enchant armour {unknown}
Potions
 b - 2 potions of ambrosia {unknown}
 d - 2 potions of might
 f - a potion of berserk rage
 j - 2 potions of magic
 l - 2 potions of attraction
 p - 2 potions of curing
 q - 3 potions of mutation
 t - 3 potions of flight
 A - 3 potions of cancellation
 C - 2 potions of brilliance
 D - a potion of lignification {unknown}
 K - a potion of degeneration {unknown}
 L - a potion of resistance {unknown}


   Skills:
 + Level 9.3 Fighting
 + Level 6.4 Short Blades
 + Level 6.4 Long Blades
 + Level 8.0 Axes
 + Level 6.4 Maces & Flails
 + Level 6.4 Polearms
 + Level 6.4 Staves
 + Level 6.4 Ranged Weapons
 + Level 6.4 Throwing
 + Level 9.3 Armour
 + Level 6.4 Dodging
 + Level 6.4 Stealth
 + Level 9.3 Shields
 + Level 6.4 Unarmed Combat
 + Level 6.4 Spellcasting
 + Level 5.3 Conjurations
 + Level 5.3 Hexes
 + Level 5.3 Summonings
 + Level 5.3 Necromancy
 + Level 5.3 Translocations
 + Level 5.3 Transmutations
 + Level 5.3 Fire Magic
 + Level 5.3 Ice Magic
 + Level 5.3 Air Magic
 + Level 5.3 Earth Magic
 + Level 5.3 Poison Magic
 + Level 7.1 Invocations
 + Level 6.4 Evocations


You had 22 spell levels left.
You didn't know any spells.
Your spell library contained the following spells:

 Spells                   Type           Power      Damage    Failure   Level
 Magic Dart               Conj           44%        1d5       50%         1
 Cigotuvi's Dreadful Rot  Necr/Pois/Air  22%        N/A       65%         2
 Poisonous Vapours        Pois/Air       22%        N/A       65%         2
 Searing Ray              Conj           22%        2d5       65%         2
 Gell's Gravitas          Tloc           11%        N/A       86%         3
 Mephitic Cloud           Conj/Pois/Air  11%        N/A       86%         3
 Ozocubu's Armour         Ice            11%        N/A       86%         3
 Teleport Other           Tloc           11%        N/A       86%         3
 Fulminant Prism          Conj/Hex       5%         3d7       99%         4
 Metabolic Englaciation   Hex/Ice        5%         N/A       100%        5
 Dispersal                Tloc           5%         N/A       100%        6
 Simulacrum               Ice/Necr       5%         N/A       100%        6


Dungeon Overview and Level Annotations

Branches:
Dungeon (10/15)            Temple (1/1) D:7
   Lair: D:8-11         Orc: D:9-12

Altars:
Ashenzari
Cheibriados
Dithmenos
Elyvilon
Fedhas
Gozag
Hepliaklqana
Kikubaaqudgha
Makhleb
Nemelex Xobeh
Okawaru
Qazlal
Ru
Sif Muna
Trog
Uskayaw
Vehumet
Wu Jian
Xom
Yredelemnul
Zin
The Shining One

Shops:
D:6 :   D:9 (

Annotations:
D:3 2 transporters, jasper's ghost, amateur GrEE
D:7 3 runed translucent doors, sugarbear's ghost, novice MfIE


Innate Abilities, Weirdness & Mutations

Your life essence is reduced to manifest your ancestor. (-10% HP)
You have very sharp teeth.
Your uncanny sense of smell can sniff out nearby items.
Your experience applies equally to all skills.


Message History

A two-headed ogre is nearby!
A two-headed ogre is nearby!
A two-headed ogre is nearby!
A two-headed ogre is nearby!
You slash the two-headed ogre!
The two-headed ogre is lightly wounded.
The two-headed ogre hits you with a +0 giant club.
The two-headed ogre barely misses you.
You hit the two-headed ogre.
The two-headed ogre is lightly wounded.
You hit the two-headed ogre.
The two-headed ogre is moderately wounded.
The two-headed ogre barely misses you.
The two-headed ogre hits you with a +0 giant club!
You block the two-headed ogre's attack.
The two-headed ogre completely misses you.
You hit the two-headed ogre.
The two-headed ogre is moderately wounded. 7/11 hits the two-headed ogre with a +0 flail.
The two-headed ogre hits you with a +0 giant club!!
The two-headed ogre hits you with a +0 giant club.
You hit the two-headed ogre but do no damage.
The two-headed ogre is moderately wounded. 7/11 hits the two-headed ogre with a +0 flail!
You hit the two-headed ogre.
The two-headed ogre is heavily wounded.
The two-headed ogre hits you but does no damage.
The two-headed ogre hits you with a +0 giant club!!
* * * LOW HITPOINT WARNING * * *
You barely miss the two-headed ogre.
The two-headed ogre is heavily wounded. 7/11 hits the two-headed ogre with a +0 flail!
The two-headed ogre hits you but does no damage.
The two-headed ogre hits you with a +0 giant club!
* * * LOW HITPOINT WARNING * * *
You slash the two-headed ogre!
The two-headed ogre is severely wounded. 7/11 hits the two-headed ogre with a +0 flail!
The two-headed ogre hits you with a +0 giant club!!
You die...

#....# #........
######'##############.
#...........#### #.
#.#####.###.'..# ##
#...#.#.##.# #####
#.###.#.##.###....
#.#...#.##...#....
###R#.#.#.####.'....
#.O@#.#...# ###....
#.###.##### #....
#.........# #....
######'#### #.... #.#
#.... #.# ##+## ###.#
# #.).# ###### #.###
#....#


You could see the friendly 7/11 the knight and a two-headed ogre (ally target).

Vanquished Creatures
  A two-headed ogre (D:10)
  12 yaks
  A wraith (D:6)
  A wyvern (D:7)
  2 steam dragons
  Menkaure (D:6)
  2 acid dragons
  A water moccasin (D:7)
  3 orc warriors
  3 ice beasts
  A sky beast (D:7)
  A black bear (D:5)
  A phantom (D:5)
  2 kobold brigands
  A bullfrog (D:8)
  5 scorpions
  11 wights
  9 killer bees
  2 howler monkeys
  8 hounds
  2 orc priests
  4 iguanas
  A sleepcap (D:8)
  4 orc wizards
  10 adders
  A white imp (D:6)
  4 worms
  2 dart slugs (D:2)
  24 orcs
  6 endoplasms
  4 giant cockroaches
  10 hobgoblins
  3 jackals (D:1)
  5 quokkas
  4 ball pythons
  2 bats
  A frilled lizard (D:1)
  6 goblins
  19 kobolds
  5 rats
185 creatures vanquished.

Vanquished Creatures (collateral kills)
  Erolcha (D:10)
  2 two-headed ogres
  2 yaks (D:10)
  An acid dragon (D:10)
  A kobold brigand (D:9)
  A bullfrog (D:8)
  A wight (D:8)
  2 killer bees (D:10)
  An electric eel (D:10)
  A howler monkey (D:9)
  2 orc priests
  An orc wizard (D:9)
  3 orcs
  3 kobolds
22 creatures vanquished.

Vanquished Creatures (others)
  A knight (D:10)
  2 ancestors
3 creatures vanquished.

Grand Total: 210 creatures vanquished

Notes
Turn   | Place    | Note
-------+----------+-------------------------------------------
     0 | D:1      | retardedninja the Gnoll Fighter began the quest for the
                  | Orb.
     0 | D:1      | Reached XP level 1. HP: 23/23 MP: 1/1
   113 | D:1      | Reached XP level 2. HP: 24/29 MP: 2/2
   482 | D:2      | Reached XP level 3. HP: 35/35 MP: 2/4
   510 | D:2      | Reached skill level 1 in Invocations
   557 | D:2      | Found a white marble altar of Elyvilon.
   619 | D:2      | Reached skill level 1 in Short Blades
   619 | D:2      | Reached skill level 1 in Long Blades
   619 | D:2      | Reached skill level 1 in Maces & Flails
   619 | D:2      | Reached skill level 1 in Polearms
   619 | D:2      | Reached skill level 1 in Staves
   619 | D:2      | Reached skill level 1 in Ranged Weapons
   619 | D:2      | Reached skill level 1 in Throwing
   619 | D:2      | Reached skill level 1 in Dodging
   619 | D:2      | Reached skill level 1 in Stealth
   619 | D:2      | Reached skill level 1 in Unarmed Combat
   619 | D:2      | Reached skill level 1 in Spellcasting
   619 | D:2      | Reached skill level 1 in Evocations
   850 | D:2      | Reached XP level 4. HP: 40/41 MP: 5/5
  1149 | D:3      | Noticed jasper's ghost (amateur GrEE)
  1194 | D:3      | Found a transporter.
  1199 | D:3      | Found a transporter.
  1287 | D:3      | Found a white marble altar of Elyvilon.
  1542 | D:3      | Reached skill level 1 in Conjurations
  1542 | D:3      | Reached skill level 1 in Hexes
  1542 | D:3      | Reached skill level 1 in Summonings
  1542 | D:3      | Reached skill level 1 in Necromancy
  1542 | D:3      | Reached skill level 1 in Translocations
  1542 | D:3      | Reached skill level 1 in Transmutations
  1542 | D:3      | Reached skill level 1 in Fire Magic
  1542 | D:3      | Reached skill level 1 in Ice Magic
  1542 | D:3      | Reached skill level 1 in Air Magic
  1542 | D:3      | Reached skill level 1 in Earth Magic
  1542 | D:3      | Reached skill level 1 in Poison Magic
  1880 | D:4      | Noticed a scorpion
  1893 | D:4      | Killed a scorpion
  1894 | D:4      | Reached XP level 5. HP: 29/47 MP: 5/7
  2069 | D:4      | Reached XP level 6. HP: 53/53 MP: 8/8
  2171 | D:4      | Reached skill level 5 in Axes
  2467 | D:4      | Found a sacrificial altar of Ru.
  2653 | D:5      | Entered Level 5 of the Dungeon
  2686 | D:5      | Reached XP level 7. HP: 53/60 MP: 10/10
  2813 | D:5      | Found a basalt altar of Yredelemnul.
  3182 | D:5      | Found an ancient bone altar of Kikubaaqudgha.
  3458 | D:6      | Noticed Menkaure
  3463 | D:6      | Killed Menkaure
  3464 | D:6      | Reached XP level 8. HP: 18/67 MP: 12/12
  3907 | D:6      | Noticed a wraith
  3919 | D:6      | Killed a wraith
  4164 | D:6      | Found Xixum's Vocational Training.
  4847 | D:6      | Found a radiant altar of Vehumet.
  5180 | D:7      | Reached XP level 9. HP: 63/73 MP: 14/14
  5517 | D:7      | Found a hazy altar of Hepliaklqana.
  5584 | D:7      | Became a worshipper of Hepliaklqana the Forgotten
  6497 | D:7      | Found a staircase to the Ecumenical Temple.
  6663 | D:7      | Found a runed translucent gate.
  6664 | D:7      | Found a runed translucent gate.
  6664 | D:7      | Found a runed translucent gate.
  6666 | D:7      | Noticed sugarbear's ghost (novice MfIE)
  6820 | Temple   | Entered the Ecumenical Temple
  7044 | D:8      | Reached skill level 5 in Invocations
  7062 | D:8      | Identified the +6 whip "Bejaote" {freeze, rN++ Will+++ MP-9
                  | Stlth-}
  7104 | D:8      | Reached * piety under Hepliaklqana
  7201 | D:8      | Reached skill level 5 in Short Blades
  7201 | D:8      | Reached skill level 5 in Long Blades
  7201 | D:8      | Reached skill level 5 in Maces & Flails
  7201 | D:8      | Reached skill level 5 in Polearms
  7201 | D:8      | Reached skill level 5 in Staves
  7201 | D:8      | Reached skill level 5 in Ranged Weapons
  7201 | D:8      | Reached skill level 5 in Throwing
  7201 | D:8      | Reached skill level 5 in Dodging
  7201 | D:8      | Reached skill level 5 in Stealth
  7201 | D:8      | Reached skill level 5 in Unarmed Combat
  7201 | D:8      | Reached skill level 5 in Spellcasting
  7201 | D:8      | Reached skill level 5 in Evocations
  7201 | D:8      | Reached XP level 10. HP: 13/72 MP: 17/17
  8126 | D:8      | Found a glowing silver altar of Zin.
  8633 | D:9      | Noticed a two-headed ogre
  8638 | D:9      | Found Tinkoxas's Antique Weapon Shop.
  8645 | D:9      | Killed a two-headed ogre
  8803 | D:9      | Found a snail-covered altar of Cheibriados.
  9866 | D:10     | Entered Level 10 of the Dungeon
  9993 | D:10     | Noticed a two-headed ogre
 10006 | D:10     | Killed a two-headed ogre
 10252 | D:10     | Noticed a two-headed ogre
 10263 | D:10     | Killed a two-headed ogre
 10264 | D:10     | Reached skill level 5 in Conjurations
 10264 | D:10     | Reached skill level 5 in Hexes
 10264 | D:10     | Reached skill level 5 in Summonings
 10264 | D:10     | Reached skill level 5 in Necromancy
 10264 | D:10     | Reached skill level 5 in Translocations
 10264 | D:10     | Reached skill level 5 in Transmutations
 10264 | D:10     | Reached skill level 5 in Fire Magic
 10264 | D:10     | Reached skill level 5 in Ice Magic
 10264 | D:10     | Reached skill level 5 in Air Magic
 10264 | D:10     | Reached skill level 5 in Earth Magic
 10264 | D:10     | Reached skill level 5 in Poison Magic
 10264 | D:10     | Reached XP level 11. HP: 40/80 MP: 18/20
 10413 | D:10     | Reached ** piety under Hepliaklqana
 10414 | D:10     | Remembered your ancestor 7/11 as a knight
 10549 | D:10     | Noticed Erolcha
 10560 | D:10     | Killed Erolcha
 10685 | D:10     | Found a burning altar of Makhleb.
 10973 | D:10     | Found a stormy altar of Qazlal.
 10975 | D:10     | Found a sparkling altar of Nemelex Xobeh.
 11043 | D:10     | Found a shadowy altar of Dithmenos.
 11043 | D:10     | Found an opulent altar of Gozag.
 11489 | D:10     | Noticed a two-headed ogre
 11498 | D:10     | Mangled by a two-headed ogre

Illustrated notes

Levels and vault maps discovered:
D:1:      lightli_arrival_noodles, layout_basic, minmay_tetromino_l2
D:2:      layout_loops_ring, basic_altar
D:3:      layout_rooms, elyvilon_altar_3, gammafunk_ghost_arena,
          serial_corexii_hall, corexii_hall_statues_x, chequers_hall_statues_y
D:4:      layout_basic, mainiacjoe_overflow_cross_hatched
D:5:      layout_loops_cross, marbit_many_paths, lemuel_crystal_altar,
          amcnicky_mini_pool_small, kennysheep_pointless_box
D:6:      layout_cave_pods, vehumet_crystals, nicolae_shop_vocational,
          uniq_menkaure
D:7:      layout_loops_corners, nzn_hepliaklqana_mist_gate,
          minmay_temple_entry_offerings, ebering_ghost_rock_garden,
          enter_bailey_4, kennysheep_generic_room_10
D:8:      layout_rooms, nicolae_overflow_crystal_walls,
          kennysheep_generic_room_8
D:9:      layout_grid_maze, slow_altar_1, serial_shops, shop
D:10:     layout_roguey, mainiacjoe_overflow_24_doors,
          grunt_temple_overflow_open, kennysheep_dice, uniq_erolcha
Temple:   nicolae_temple_figure_zero

Skill      XL: |  1  2  3  4  5  6  7  8  9 10 11 |
---------------+----------------------------------+-----
Invocations    | 1 2 3 4 5 6 7 |  7.1
Short Blades   | 1 2 3 5 6 |  6.4
Long Blades    | 1 2 3 5 6 |  6.4
Maces & Flails | 1 2 3 5 6 |  6.4
Polearms       | 1 2 3 5 6 |  6.4
Staves         | 1 2 3 5 6 |  6.4
Ranged Weapons | 1 2 3 5 6 |  6.4
Throwing       | 1 2 3 5 6 |  6.4
Dodging        | 1 2 3 5 6 |  6.4
Stealth        | 1 2 3 5 6 |  6.4
Unarmed Combat | 1 2 3 5 6 |  6.4
Spellcasting   | 1 2 3 5 6 |  6.4
Evocations     | 1 2 3 5 6 |  6.4
Conjurations   | 1 2 3 4 5 |  5.3
Hexes          | 1 2 3 4 5 |  5.3
Summonings     | 1 2 3 4 5 |  5.3
Necromancy     | 1 2 3 4 5 |  5.3
Translocations | 1 2 3 4 5 |  5.3
Transmutations | 1 2 3 4 5 |  5.3
Fire Magic     | 1 2 3 4 5 |  5.3
Ice Magic      | 1 2 3 4 5 |  5.3
Air Magic      | 1 2 3 4 5 |  5.3
Earth Magic    | 1 2 3 4 5 |  5.3
Poison Magic   | 1 2 3 4 5 |  5.3
Axes           | 5 6 7 8 |  8.0
Fighting       | 7 8 9 |  9.3
Armour         | 7 8 9 |  9.3
Shields        | 7 8 9 |  9.3

Action                     |  1- 3 |  4- 6 |  7- 9 | 10-12 || total
---------------------------+-------+-------+-------+-------++-------
  Melee: War axe           |    98 |   130 |   343 |   275 ||   846
         Bite              |    11 |    13 |    37 |    28 ||    89
 Invoke: Ancestor Identity |       |       |       |     1 ||     1
         Ancestor Life: Kn |       |       |       |     1 ||     1
    Use: Scroll            |       |       |    11 |       ||    11
         Potion            |       |       |     5 |     7 ||    12
   Stab: Distracted        |       |       |       |     5 ||     5
 Armour: Scale mail        |    45 |       |       |       ||    45
         Chain mail        |     1 |    55 |   124 |       ||   180
         Plate armour      |       |       |    61 |   117 ||   178
  Dodge: Dodged            |    46 |    21 |    92 |    77 ||   236
  Block: Buckler           |    33 |    84 |   202 |   170 ||   489
         Reflection        |       |     1 |     4 |     2 ||     7

Table legend: (Time is in decaauts)
 A = Elapsed time spent in this place.
 B = Non-inter-level travel time spent in this place.
 C = Inter-level travel time spent in this place.
 D = Time resting spent in this place.
 E = Time spent auto-exploring this place.
 F = Levels seen in this place.
 G = Mean time per level.
                   A        B        C        D        E       F      G
               +--------+--------+--------+--------+--------+-----+--------+
         Total |  11681 |  11322 |    359 |   2609 |   6930 |  11 | 1061.9 |
       Dungeon |  11551 |  11201 |    350 |   2609 |   6818 |  10 | 1155.1 |
        Temple |    129 |    120 |      9 |      0 |    112 |   1 |  129.0 |
               +--------+--------+--------+--------+--------+-----+--------+

Top non-repeatable levels by time:
     D:7: 1845 daAuts
     D:6: 1658 daAuts
    D:10: 1657 daAuts
     D:9: 1553 daAuts
     D:8: 1296 daAuts
     D:5: 822 daAuts
     D:4: 810 daAuts
     D:3: 727 daAuts
     D:2: 691 daAuts
     D:1: 488 daAuts
  Temple: 129 daAuts
